 Dungeon Crawl Stone Soup version 0.29.1-12-g30fa7ad0bf (webtiles) character file.

Game seed: 422937114730666660

705 xian the Sneak (level 7, -1/48 HPs)
             Began as a Demonspawn Wanderer on Dec 23, 2022.
             Was an Initiate of Sif Muna.
             Slain by a yak (11 damage)
             ... on level 5 of the Dungeon.
             The game lasted 00:13:53 (5361 turns).

xian the Sneak (Demonspawn Wanderer)                Turns: 5361, Time: 00:13:54

Health: -1/48      AC:  6    Str: 15    XL:     7   Next: 39%
Magic:  8/13       EV: 10    Int: 15    God:    Sif Muna [......]
Gold:   253        SH:  8    Dex: 16    Spells: 10/14 levels left

rFire   . . .      SeeInvis .   a - +3 dagger
rCold   . . .      Faith    .   v - +0 kite shield
rNeg    . . .      Spirit   .   D - +0 leather armour
rPois   .          Reflect  .   (no helmet)
rElec   .          Harm     .   (no cloak)
rCorr   .          Rampage  .   (no gloves)
Will    .....                   w - +1 pair of boots
Stlth   +++.......              (no amulet)
HPRegen 0.16/turn               j - ring of wizardry
MPRegen 0.13/turn               B - +6 ring of strength

@: no status effects
A: powered by death 1, sharp scales 1, demonic magic 2, demonic touch 1
a: Renounce Religion


You were on level 5 of the Dungeon.
You worshipped Sif Muna.
Sif Muna was noncommittal.
You visited 2 branches of the dungeon, and saw 7 of its levels.

You collected 322 gold pieces.
You spent 69 gold pieces at shops.

Inventory:

Hand Weapons
 a - a +3 dagger (weapon)
Missiles
 f - 55 stones
Armour
 e - a +2 scale mail of cold resistance
 v - a +0 kite shield (worn)
 w - a +1 pair of boots (worn)
 D - a +0 leather armour (worn)
Jewellery
 j - a ring of wizardry (left hand)
 B - a +6 ring of strength (right hand)
Wands
 x - a wand of paralysis (14)
Scrolls
 b - a scroll of blinking
 g - a scroll of enchant weapon {unknown}
 i - 2 scrolls of butterflies {unknown}
 m - a scroll of amnesia {unknown}
 n - 4 scrolls of identify {unknown}
 o - 2 scrolls of poison {unknown}
 p - 2 scrolls of vulnerability {unknown}
 r - a scroll of magic mapping {unknown}
 s - 3 scrolls of fear {unknown}
 y - 2 scrolls of teleportation {unknown}
Potions
 c - a potion of berserk rage
 h - 2 potions of flight {unknown}
 k - a potion of attraction {unknown}
 l - 5 potions of degeneration {unknown}
 q - 6 potions of curing {unknown}
 t - a potion of lignification {unknown}
 u - 2 potions of resistance {unknown}
 z - 2 potions of invisibility
 A - a potion of mutation {unknown}
 C - a potion of heal wounds {unknown}


   Skills:
 + Level 1.1 Fighting
 + Level 0.9 Short Blades
 + Level 1.0 Throwing
 * Level 0.3 Armour
 + Level 1.5 Dodging
 + Level 5.5 Stealth
 * Level 2.3 Shields
 + Level 4.1 Spellcasting
 + Level 0.5 Conjurations
 + Level 4.2 Earth Magic


You had 10 spell levels left.
You knew the following spells:

 Your Spells              Type           Power      Damage    Failure   Level
a - Sandblast             Erth           30%        2d9       5%          1
b - Stone Arrow           Conj/Erth      20%        3d8       32%         3

Your spell library contained the following spells:

 Spells                   Type           Power      Damage    Failure   Level
 Summon Guardian Golem    Hex/Summ       3%         N/A       61%         3
 Orb of Destruction       Conj           2%         9d5       100%        7
 Spellforged Servitor     Conj/Summ      1%         N/A       100%        7


Dungeon Overview and Level Annotations

Branches:
Dungeon (6/15)             Temple (1/1) D:5

Altars:
Ashenzari
Gozag
Okawaru
Qazlal
Sif Muna
Uskayaw

Shops:
D:1 *


Innate Abilities, Weirdness & Mutations

You regenerate a little health from kills.
You are partially covered in razor-sharp scales. (AC +1, Slay +1)
Spells you cast may paralyse nearby enemies.
Your touch may inflict minor irresistible damage on your foes.


Message History

You impale the iguana!!
You kill the iguana!
Sif Muna accepts your kill.
The yak is no longer paralysed.
Unknown command.
The blast of sand hits the yak!
The yak is moderately wounded.
Malevolent energies surge around you.
The yak suddenly stops moving!
The yak gores you!
The helpless yak fails to defend itself.
You impale the yak!!
The yak is severely wounded.
The yak is no longer paralysed.
The yak gores you but does no damage. The yak gores you!
You block the yak's attack. The yak completely misses you.
You block the yak's attack.
You climb upwards.
There is a stone staircase leading down here.
Casting: Sandblast (safe; 5% risk of failure)
Confirm with . or Enter, or press ? or * to list all spells.
Aiming: Sandblast (safe; 5% risk of failure)
Press: ? - help, Shift-Dir - straight line, f - yak
Aim: a yak (severely wounded, 89% to hit)
The blast of sand hits the yak!
The yak is almost dead.
Malevolent energies surge around you. The yak gores you!
* * * LOW HITPOINT WARNING * * *
You block the yak's attack. The yak gores you.
* * * LOW HITPOINT WARNING * * *
Casting: Sandblast (safe; 5% risk of failure)
Confirm with . or Enter, or press ? or * to list all spells.
Aiming: Sandblast (safe; 5% risk of failure)
Press: ? - help, Shift-Dir - straight line, f/p - yak
Aim: a yak (almost dead, 89% to hit)
The blast of sand hits the yak.
You kill the yak!
Sif Muna accepts your kill. Malevolent energies surge around you.
The yak suddenly stops moving!
You block the yak's attack. The yak gores you!
You die...

# #..........#
###..........#
.##..........#
.##..........# ###########
.##..........# #....())<.#
..#..........###[....#)[##
...................)...##
...............†..)#.###
.........#.....Y@..#.#
................Y....#
.........)..........##
.......#...........##
.......#...........#
.......#.#........##
......##.#.........#
......##.#.........#
.......#...........##


You could see 2 yaks.

Vanquished Creatures
  A yak (D:5)
  An ogre (D:3)
  A phantom (D:5)
  4 necrophages
  A howler monkey (D:5)
  A hound (D:5)
  An orc priest (D:5)
  Terence (D:3)
  2 iguanas
  3 gnolls (D:5)
  2 ufetubi
  A worm (D:4)
  2 dart slugs
  6 orcs
  6 ball pythons
  9 bats
  9 endoplasms
  2 giant cockroaches
  5 goblins
  4 hobgoblins
  3 jackals (D:3)
  10 kobolds
  5 quokkas
  A frilled lizard (D:2)
  7 rats
88 creatures vanquished.

Notes
Turn   | Place    | Note
-------+----------+-------------------------------------------
     0 | D:1      | xian the Demonspawn Wanderer began the quest for the Orb.
     0 | D:1      | xian set off with the following items: a +3 dagger, a
                  | scroll of blinking, a potion of berserk rage, a +0 robe;
                  | and the following spell memorised: Sandblast; and the
                  | following spells available to memorise: Stone Arrow.
     0 | D:1      | Reached XP level 1. HP: 15/15 MP: 2/2
   233 | D:1      | Gained mutation: You regenerate a little health from kills.
                  | [demonic ancestry]
   233 | D:1      | Reached XP level 2. HP: 21/21 MP: 3/3
   391 | D:1      | Reached skill level 5 in Stealth
   391 | D:1      | Found Kerphiaze's Assorted Antiques.
   490 | D:1      | Bought a bubbling purple potion for 23 gold pieces
   490 | D:1      | Bought a bubbling pink potion for 23 gold pieces
   490 | D:1      | Bought a fuming golden potion for 23 gold pieces
  1299 | D:2      | Gained mutation: Your touch may inflict minor irresistible
                  | damage on your foes. [demonic ancestry]
  1299 | D:2      | Reached XP level 3. HP: 26/26 MP: 0/4
  1303 | D:2      | Learned a level 3 spell: Stone Arrow
  1486 | D:2      | Found a faded altar of an unknown god.
  2448 | D:3      | Noticed Terence
  2462 | D:3      | Killed Terence
  2463 | D:3      | Gained mutation: You are partially covered in razor-sharp
                  | scales. (AC +1, Slay +1) [demonic ancestry]
  2463 | D:3      | Reached XP level 4. HP: 27/32 MP: 0/7
  3074 | D:4      | Noticed a necrophage
  3082 | D:4      | Killed a necrophage
  3083 | D:4      | Reached skill level 1 in Dodging
  3083 | D:4      | Gained mutation: Spells you cast may paralyse adjacent
                  | enemies. [demonic ancestry]
  3083 | D:4      | Reached XP level 5. HP: 37/37 MP: 0/8
  3176 | D:4      | Noticed an ogre
  3391 | D:3      | Killed an ogre
  3392 | D:3      | Reached skill level 1 in Shields
  3839 | D:4      | Found a hide-covered altar of Uskayaw.
  4178 | D:5      | Entered Level 5 of the Dungeon
  4183 | D:5      | Noticed a phantom
  4189 | D:5      | Killed a phantom
  4190 | D:5      | Gained mutation: Spells you cast may paralyse nearby
                  | enemies. [demonic ancestry]
  4190 | D:5      | Reached XP level 6. HP: 43/43 MP: 0/10
  4346 | D:5      | Reached XP level 7. HP: 39/48 MP: 2/12
  4813 | D:5      | Found a staircase to the Ecumenical Temple.
  4890 | Temple   | Entered the Ecumenical Temple
  4923 | Temple   | Became a worshipper of Sif Muna the Loreminder
  5343 | D:6      | Noticed a yak
  5347 | D:6      | Noticed a yak
  5352 | D:6      | Noticed a yak
  5361 | D:5      | Killed a yak
  5361 | D:5      | Slain by a yak

Illustrated notes

Levels and vault maps discovered:
D:1:      dpeg_arrival_radiant, layout_rooms, serial_shops,
          nicolae_shop_temple_entry_statues_fountains
D:2:      layout_basic, serial_aquarium, aquarium_bridge_square
          [aquarium_subvault_wall, aquarium_subvault_wall,
          aquarium_subvault_bridge, aquarium_subvault_wall],
          aquarium_bridge_square [aquarium_subvault_wall,
          aquarium_subvault_wall, aquarium_subvault_bridge,
          aquarium_subvault_window], aquarium_window_corner,
          aquarium_window_fake, aquarium_window_fake, aquarium_view_2c,
          aquarium_view_2d, aquarium_pool_five, shapermc_ecumenical_altar_venn,
          nicolae_concentric_dashed_squares_wild, grunt_ministairs_4
D:3:      layout_basic, uniq_terence
D:4:      layout_basic, lemuel_doored_altar
D:5:      layout_rooms, minmay_temple_entry_waves
D:6:      layout_cave_pools, grunt_temple_overflow_open
Temple:   bh_familiar_temple

Skill      XL: |  1  2  3  4  5  6  7 |
---------------+----------------------+-----
Stealth        | 5 |  5.5
Earth Magic    | 2 3 4 |  4.2
Spellcasting   | 2 3 4 |  4.1
Dodging        | 1 |  1.5
Shields        | 1 2 |  2.3
Fighting       | |  1.1
Short Blades   | |  0.9
Throwing       | |  1.0
Armour         | |  0.3
Conjurations   | |  0.5

Action                   |  1- 3 |  4- 6 |  7- 9 || total
-------------------------+-------+-------+-------++-------
Melee: Dagger            |    33 |     9 |    12 ||    54
       Touch             |     1 |       |       ||     1
 Cast: Sandblast         |    73 |    35 |    22 ||   130
       Stone Arrow       |     2 |     5 |       ||     7
  Use: Scroll            |       |     1 |       ||     1
 Stab: Sleeping          |     1 |     1 |       ||     2
       Paralysed         |       |     4 |     7 ||    11
Armor: Robe              |    25 |     3 |     7 ||    35
       Leather armour    |       |       |     1 ||     1
Dodge: Dodged            |    51 |     3 |     9 ||    63
Block: Kite shield       |     2 |     9 |    15 ||    26
